| TOP OF THE 1ST |
|
Burlington Bees batting - Pitching for Clinton LumberKings : LHP David Reyes
|
|
Pitching: LHP David Reyes
|
|
|
Batting: RHB Nick Lombardo
|
0-0: Foul Ball, location: 2F 0-1: Ball 1-1: Foul Ball, location: 2F 1-2: Strikes out swinging
|
|
Batting: RHB Ricky Mejicanos
|
0-0: Ball 1-0: SINGLE (Groundball, 25, EV 70.6 MPH) (infield hit)
|
|
Batting: LHB Mutsuo IIda
|
0-0: Ball 1-0: Foul Ball, location: 2F 1-1: Foul Ball, location: 2F 1-2: Strikes out looking
|
|
Batting: RHB Kyler Seitz
|
0-0: Called Strike 0-1: Fly out, F7 (Flyball, 78D, EV 93.1 MPH)
|
| Top of the 1st over - 0 runs, 1 hit, 0 errors, 1 left on base; Burlington 0 - Clinton 0 |
| BOTTOM OF THE 1ST |
|
Clinton LumberKings batting - Pitching for Burlington Bees : RHP Adam Hefner
|
|
Pitching: RHP Adam Hefner
|
|
|
Batting: RHB Antonio Oyola
|
0-0: Ball 1-0: Ground out 4-3 (Groundball, 4M, EV 90.0 MPH)
|
|
Pitching: RHP Humberto Paniagua
|
|
|
Batting: RHB Ivan Davila
|
0-0: Ball 1-0: Ball 2-0: Foul Ball, location: 2F 2-1: Ball 3-1: Fly out, F8 (Flyball, 8LS, EV 90.6 MPH)
|
|
Batting: LHB Jason Kinney
|
0-0: Ball 1-0: Called Strike 1-1: Foul Ball, location: 2F 1-2: Ball 2-2: SINGLE (Groundball, 34S, EV 69.4 MPH) (infield hit)
|
|
Batting: RHB Kinzo Yokoyama
|
0-0: Called Strike 0-1: Foul Ball, location: 2F 0-2: Strikes out swinging
|
| Bottom of the 1st over - 0 runs, 1 hit, 0 errors, 1 left on base; Burlington 0 - Clinton 0 |
| TOP OF THE 2ND |
|
Burlington Bees batting - Pitching for Clinton LumberKings : LHP David Reyes
|
|
Batting: RHB Peter Westover
|
0-0: Ground out 4-3 (Groundball, 4, EV 105.0 MPH)
|
|
Batting: LHB Dave Hicks
|
0-0: Ground out 4-3 (Groundball, 4S, EV 83.8 MPH)
|
|
Batting: RHB Dean LeCroy
|
0-0: Ball 1-0: Called Strike 1-1: Called Strike 1-2: Foul Ball, location: 2F 1-2: Strikes out swinging
|
| Top of the 2nd over - 0 runs, 0 hits, 0 errors, 0 left on base; Burlington 0 - Clinton 0 |
| BOTTOM OF THE 2ND |
|
Clinton LumberKings batting - Pitching for Burlington Bees : RHP Humberto Paniagua
|
|
Batting: RHB Rich Justice
|
0-0: Called Strike 0-1: Swinging Strike 0-2: Ball 1-2: TRIPLE (Groundball, 3L, EV 107.5 MPH)
|
|
Batting: SHB Frank Amato
|
0-0: Called Strike 0-1: Foul Ball, location: 2F 0-2: Strikes out swinging
|
|
Batting: RHB Jung-wan Aan
|
0-0: Ball 1-0: Ground out 5-3 (Groundball, 56, EV 87.5 MPH) Rich Justice scores
|
|
Batting: RHB Bryan Shuller
|
0-0: Ball 1-0: Foul Ball, location: 2F 1-1: Ground out 5-3 (Groundball, 56, EV 108.1 MPH)
|
| Bottom of the 2nd over - 1 run, 1 hit, 0 errors, 0 left on base; Burlington 0 - Clinton 1 |
| TOP OF THE 3RD |
|
Burlington Bees batting - Pitching for Clinton LumberKings : LHP David Reyes
|
|
Batting: RHB Wilford Harper
|
0-0: Called Strike 0-1: Called Strike 0-2: Foul Ball, location: 2F 0-2: Fly out, F8 (Flyball, 8RD, EV 90.0 MPH)
|
|
Batting: SHB Tim Connell
|
0-0: Ball 1-0: Called Strike 1-1: Ground out 5-3 (Groundball, 56, EV 83.8 MPH)
|
|
Batting: RHB Nick Lombardo
|
0-0: Ball 1-0: Ball 2-0: Ball 3-0: Called Strike 3-1: TRIPLE (Flyball, 89XD, EV 101.9 MPH)
|
|
Batting: RHB Ricky Mejicanos
|
0-0: Ball 1-0: Foul Ball, location: 2F 1-1: Ball 2-1: Foul Ball, location: 2F 2-2: Foul Ball, location: 2F 2-2: Ball 3-2: Foul Ball, location: 2F 3-2: Foul Ball, location: 2F 3-2: Strikes out looking
|
| Top of the 3rd over - 0 runs, 1 hit, 0 errors, 1 left on base; Burlington 0 - Clinton 1 |
| BOTTOM OF THE 3RD |
|
Clinton LumberKings batting - Pitching for Burlington Bees : RHP Humberto Paniagua
|
|
Batting: RHB David Greene
|
0-0: Ground out 4-3 (Groundball, 4M, EV 86.9 MPH)
|
|
Batting: RHB Antonio Oyola
|
0-0: Called Strike 0-1: Ball 1-1: Ball 2-1: Swinging Strike 2-2: Ball 3-2: Ground out 6-3 (Groundball, 6M, EV 100.6 MPH)
|
|
Batting: RHB Ivan Davila
|
0-0: Foul Ball, location: 2F 0-1: Foul Ball, location: 2F 0-2: Ground out 5-3 (Groundball, 56, EV 77.5 MPH)
|
| Bottom of the 3rd over - 0 runs, 0 hits, 0 errors, 0 left on base; Burlington 0 - Clinton 1 |
| TOP OF THE 4TH |
|
Burlington Bees batting - Pitching for Clinton LumberKings : LHP David Reyes
|
|
Batting: LHB Mutsuo IIda
|
0-0: Ball 1-0: Ball 2-0: SINGLE (Groundball, 5S, EV 69.4 MPH) (infield hit)
|
|
Batting: RHB Kyler Seitz
|
0-0: Ball 1-0: Foul Ball, location: 2F 1-1: Fielders Choice at 2nd, 6-4 (Groundball, 56, EV 96.2 MPH)
|
|
Batting: RHB Peter Westover
|
0-0: Swinging Strike 0-1: Ball 1-1: Foul Ball, location: 2F 1-2: Ball 2-2: Strikes out swinging
|
|
Batting: LHB Dave Hicks
|
0-0: Called Strike 0-1: Called Strike 0-2: SINGLE (Groundball, 4MD, EV 100.6 MPH) Kyler Seitz to second
|
|
Batting: RHB Dean LeCroy
|
0-0: Ball 1-0: Ball 2-0: Called Strike 2-1: Fly out, F4 (Line Drive, 34D, EV 72.5 MPH)
|
| Top of the 4th over - 0 runs, 2 hits, 0 errors, 2 left on base; Burlington 0 - Clinton 1 |
| BOTTOM OF THE 4TH |
|
Clinton LumberKings batting - Pitching for Burlington Bees : RHP Humberto Paniagua
|
|
Batting: LHB Jason Kinney
|
0-0: Ball 1-0: Foul Ball, location: 2F 1-1: Foul Ball, location: 2F 1-2: Strikes out swinging
|
|
Batting: RHB Kinzo Yokoyama
|
0-0: Called Strike 0-1: SINGLE (Groundball, 34D, EV 93.8 MPH)
|
|
Batting: RHB Rich Justice
|
0-0: Ball 1-0: Fielders Choice at 2nd, 6-4 (Groundball, 6, EV 108.1 MPH)
|
|
Batting: SHB Frank Amato
|
0-0: Swinging Strike 0-1: Swinging Strike 0-2: Strikes out looking
|
| Bottom of the 4th over - 0 runs, 1 hit, 0 errors, 1 left on base; Burlington 0 - Clinton 1 |
| TOP OF THE 5TH |
|
Burlington Bees batting - Pitching for Clinton LumberKings : LHP David Reyes
|
|
Batting: RHB Wilford Harper
|
0-0: Ball 1-0: Called Strike 1-1: Called Strike 1-2: Ground out 4-3 (Groundball, 34, EV 104.4 MPH)
|
|
Batting: SHB Tim Connell
|
0-0: Ball 1-0: Fly out, F8 (Line Drive, 8LM, EV 88.8 MPH)
|
|
Batting: RHB Nick Lombardo
|
0-0: Called Strike 0-1: Ball 1-1: Ball 2-1: Ball 3-1: Swinging Strike 3-2: Base on Balls
|
|
Batting: RHB Ricky Mejicanos
|
0-0: Ball 1-0: Ball Nick Lombardo is caught stealing 2nd base 2-4
|
| Top of the 5th over - 0 runs, 0 hits, 0 errors, 0 left on base; Burlington 0 - Clinton 1 |
| BOTTOM OF THE 5TH |
|
Clinton LumberKings batting - Pitching for Burlington Bees : RHP Humberto Paniagua
|
|
Batting: RHB Jung-wan Aan
|
0-0: Called Strike 0-1: Foul Ball, location: 2F 0-2: Ball 1-2: Ball 2-2: Ball 3-2: Ground out 5-3 (Groundball, 5S, EV 71.2 MPH)
|
|
Batting: RHB Bryan Shuller
|
0-0: Swinging Strike 0-1: Called Strike 0-2: Foul Ball, location: 2F 0-2: Foul Ball, location: 2F 0-2: Foul Ball, location: 2F 0-2: Ground out 5-3 (Groundball, 56, EV 92.5 MPH)
|
|
Pitching: RHP Jose Alvarado
|
|
|
Batting: RHB David Greene
|
0-0: Called Strike 0-1: Called Strike 0-2: Ground out 4-3 (Groundball, 34, EV 93.8 MPH)
|
| Bottom of the 5th over - 0 runs, 0 hits, 0 errors, 0 left on base; Burlington 0 - Clinton 1 |
| TOP OF THE 6TH |
|
Burlington Bees batting - Pitching for Clinton LumberKings : LHP David Reyes
|
|
Batting: RHB Ricky Mejicanos
|
0-0: Ball 1-0: Called Strike 1-1: Ball 2-1: Foul Ball, location: 2F 2-2: Foul Ball, location: 2F 2-2: Ball 3-2: Base on Balls
|
|
Batting: LHB Mutsuo IIda
|
0-0: Ball 1-0: Swinging Strike 1-1: Foul Ball, location: 2F 1-2: Fly out, F8 (Flyball, 8RM, EV 91.2 MPH)
|
|
Pitching: RHP Bryce Blanksby
|
|
|
Batting: RHB Kyler Seitz
|
0-0: Ball Ricky Mejicanos steals 2nd, throwing error, E2 Ricky Mejicanos to third 1-0: Called Strike 1-1: Foul Ball, location: 2F 1-2: Strikes out swinging
|
|
Batting: RHB Peter Westover
|
0-0: Called Strike 0-1: Ball 1-1: Fly out, F7 (Flyball, 78M, EV 90.6 MPH)
|
| Top of the 6th over - 0 runs, 0 hits, 1 error, 1 left on base; Burlington 0 - Clinton 1 |
| BOTTOM OF THE 6TH |
|
Clinton LumberKings batting - Pitching for Burlington Bees : RHP Jose Alvarado
|
|
Batting: RHB Antonio Oyola
|
0-0: Foul Ball, location: 2F 0-1: Foul Ball, location: 2F 0-2: Ball 1-2: Strikes out swinging
|
|
Batting: RHB Ivan Davila
|
0-0: Swinging Strike 0-1: Ball 1-1: Fly out, F5 (Line Drive, 5, EV 66.2 MPH)
|
|
Batting: LHB Jason Kinney
|
0-0: Ball 1-0: Called Strike 1-1: Called Strike 1-2: Ground out U3 (Groundball, 34S, EV 78.1 MPH)
|
| Bottom of the 6th over - 0 runs, 0 hits, 0 errors, 0 left on base; Burlington 0 - Clinton 1 |
| TOP OF THE 7TH |
|
Burlington Bees batting - Pitching for Clinton LumberKings : RHP Bryce Blanksby
|
|
Pitching: LHP Adam Schmidt
|
|
|
Batting: LHB Dave Hicks
|
0-0: Called Strike 0-1: Ball 1-1: Ball 2-1: Ball 3-1: SINGLE (Groundball, 4D, EV 106.2 MPH)
|
|
Pitching: RHP Daniel Villalobos
|
|
|
Batting: RHB Dean LeCroy
|
0-0: Ball 1-0: Ball 2-0: Called Strike 2-1: Called Strike 2-2: Foul Ball, location: 2F 2-2: Ball Passed Ball! Dave Hicks to second 3-2: Foul Ball, location: 2F 3-2: Base on Balls
|
|
Batting: RHB Wilford Harper
|
0-0: Called Strike 0-1: Ball 1-1: Foul Ball, location: 2F 1-2: Ball 2-2: Strikes out swinging
|
|
Pinch Hitting: RHB T.J. Gray
|
0-0: Foul Ball, location: 2F 0-1: Called Strike Dave Hicks steals 3rd, throwing error, E2 Dave Hicks scores Dean LeCroy to third 0-2: Ball 1-2: Foul Ball, location: 2F 1-2: DOUBLE (Groundball, 5L, EV 103.8 MPH) Dean LeCroy scores
|
|
Batting: RHB Nick Lombardo
|
0-0: Called Strike 0-1: Foul Ball, location: 2F 0-2: Foul Ball, location: 2F 0-2: Ball 1-2: Fly out, F3 (Popup, 3SF, EV 73.8 MPH)
|
|
Batting: RHB Ricky Mejicanos
|
0-0: Called Strike 0-1: SINGLE (Groundball, 15S, EV 70.0 MPH) (infield hit) T.J. Gray to third
|
|
Batting: LHB Mutsuo IIda
|
0-0: Called Strike 0-1: TRIPLE (Flyball, 8RXD, EV 106.9 MPH) T.J. Gray scores Ricky Mejicanos scores
|
|
Pitching: LHP Kevin Roberts
|
|
|
Batting: RHB Kyler Seitz
|
0-0: Ball 1-0: Called Strike 1-1: Swinging Strike 1-2: Foul Ball, location: 2F 1-2: Ball 2-2: Ball 3-2: Base on Balls
|
|
Batting: RHB Peter Westover
|
0-0: Swinging Strike 0-1: Called Strike 0-2: Ball 1-2: Foul Ball, location: 2F 1-2: Strikes out looking
|
| Top of the 7th over - 4 runs, 4 hits, 1 error, 2 left on base; Burlington 4 - Clinton 1 |
| BOTTOM OF THE 7TH |
|
Clinton LumberKings batting - Pitching for Burlington Bees : RHP Jose Alvarado
|
|
Now at 2B: Danny Bjarnson
|
|
|
Batting: RHB Kinzo Yokoyama
|
0-0: Ball 1-0: Foul Ball, location: 2F 1-1: Called Strike 1-2: Strikes out swinging
|
|
Batting: RHB Rich Justice
|
0-0: Ball 1-0: Ground out 4-3 (Groundball, 4, EV 82.5 MPH)
|
|
Batting: SHB Frank Amato
|
0-0: Ball 1-0: Swinging Strike 1-1: Ball 2-1: Foul Ball, location: 2F 2-2: Foul Ball, location: 2F 2-2: Ball 3-2: Strikes out looking
|
| Bottom of the 7th over - 0 runs, 0 hits, 0 errors, 0 left on base; Burlington 4 - Clinton 1 |
| TOP OF THE 8TH |
|
Burlington Bees batting - Pitching for Clinton LumberKings : LHP Kevin Roberts
|
|
Pitching: RHP Dave Williams
|
|
|
Batting: LHB Dave Hicks
|
0-0: Ball 1-0: Ball 2-0: Ball 3-0: Base on Balls
|
|
Batting: RHB Dean LeCroy
|
0-0: Ball 1-0: Called Strike 1-1: Foul Ball, location: 2F 1-2: Fly out, F8 (Flyball, 8LD, EV 91.2 MPH)
|
|
Batting: RHB Wilford Harper
|
0-0: Called Strike Dave Hicks steals 2nd base 0-1: Ball 1-1: SINGLE (Line Drive, 4D, EV 96.2 MPH) Dave Hicks to third Runner from 3rd tries for Home, SAFE, throw by RF to home
|
|
Batting: RHB Danny Bjarnson
|
0-0: Called Strike 0-1: Ball 1-1: Ball 2-1: Ball 3-1: Foul Ball, location: 2F 3-2: Foul Ball, location: 2F 3-2: DOUBLE (Line Drive, 7LS, EV 92.5 MPH) Wilford Harper to third
|
|
Batting: RHB Nick Lombardo
|
0-0: Called Strike 0-1: Called Strike 0-2: Ball 1-2: Fly out, F8 (Line Drive, 8RM, EV 101.9 MPH)
|
|
Batting: RHB Ricky Mejicanos
|
0-0: Called Strike 0-1: Swinging Strike 0-2: Ball 1-2: Ground out 6-3 (Groundball, 6, EV 106.2 MPH)
|
| Top of the 8th over - 1 run, 2 hits, 0 errors, 2 left on base; Burlington 5 - Clinton 1 |
| BOTTOM OF THE 8TH |
|
Clinton LumberKings batting - Pitching for Burlington Bees : RHP Jose Alvarado
|
|
Batting: RHB Jung-wan Aan
|
0-0: Ball 1-0: Swinging Strike 1-1: Ball 2-1: Ground out 6-3 (Groundball, 6S, EV 68.1 MPH)
|
|
Batting: RHB Bryan Shuller
|
0-0: Ball 1-0: Ball 2-0: Ball 3-0: Called Strike 3-1: Base on Balls
|
|
Batting: RHB David Greene
|
0-0: Ball 1-0: Ball 2-0: Foul Ball, location: 2F 2-1: Foul Ball, location: 2F 2-2: Strikes out looking
|
|
Batting: RHB Antonio Oyola
|
0-0: Foul Ball, location: 2F 0-1: Called Strike 0-2: Strikes out swinging
|
| Bottom of the 8th over - 0 runs, 0 hits, 0 errors, 1 left on base; Burlington 5 - Clinton 1 |
| TOP OF THE 9TH |
|
Burlington Bees batting - Pitching for Clinton LumberKings : RHP Dave Williams
|
|
Batting: LHB Mutsuo IIda
|
0-0: Ball 1-0: Ball 2-0: SINGLE (Line Drive, 56D, EV 97.5 MPH)
|
|
Batting: RHB Kyler Seitz
|
0-0: Fielders Choice at 2nd, 6-4 (Groundball, 6, EV 76.9 MPH)
|
|
Batting: RHB Peter Westover
|
0-0: Called Strike 0-1: Ball 1-1: Grounds into double play, 5-4-3 (Groundball, 56, EV 90.0 MPH)
|
| Top of the 9th over - 0 runs, 1 hit, 0 errors, 0 left on base; Burlington 5 - Clinton 1 |
| BOTTOM OF THE 9TH |
|
Clinton LumberKings batting - Pitching for Burlington Bees : RHP Jose Alvarado
|
|
Pitching: RHP Devin Spears
|
|
|
Batting: RHB Ivan Davila
|
0-0: Called Strike 0-1: Ball 1-1: Fly out, F4 (Popup, 4D, EV 52.5 MPH)
|
|
Batting: LHB Jason Kinney
|
0-0: Swinging Strike 0-1: Foul Ball, location: 2F 0-2: Ball 1-2: Ball 2-2: Strikes out looking
|
|
Batting: RHB Kinzo Yokoyama
|
0-0: Called Strike 0-1: Called Strike 0-2: Ball 1-2: Foul Ball, location: 2F 1-2: Ball 2-2: Reached on error, E5 (Groundball, 56, EV 100.6 MPH)
|
|
Batting: RHB Rich Justice
|
0-0: Ground out 4-3 (Groundball, 34, EV 87.5 MPH)
|
| Bottom of the 9th over - 0 runs, 0 hits, 1 error, 1 left on base; Burlington 5 - Clinton 1 |
|